 Dungeon Crawl Stone Soup version 0.24.0-13-gcf9b3192b9 (webtiles) character file.

Game seed: 1265369334092871137, levelgen mode: deterministic

23 Iamsoldier the Shield-Bearer (level 2, 0/27 HPs)
             Began as a Minotaur Fighter on Nov 6, 2019.
             Slain by a kobold
             ... wielding a +0 short sword of electrocution
              (16 damage)
             ... on level 2 of the Dungeon.
             The game lasted 00:01:46 (1484 turns).

Iamsoldier the Shield-Bearer (Minotaur Fighter)     Turns: 1484, Time: 00:01:46

Health: 0/27       AC:  4    Str: 20    XL:     2   Next: 75%
Magic:  1/1        EV:  7    Int:  3    God:
Gold:   74         SH:  9    Dex:  9    Spells: 1/1 levels left

rFire    . . .     SeeInvis .   a - +0 long sword
rCold    . . .     Gourm    .   c - +0 shield
rNeg     . . .     Faith    .   b - +0 scale mail
rPois    .         Spirit   .   (helmet restricted)
rElec    .         Reflect  .   (no cloak)
rCorr    .         Harm     .   (no gloves)
MR       .....                  (no boots)
Stlth    ..........             (no amulet)
HPRegen  0.09/turn              (no ring)
MPRegen  0.07/turn              (no ring)

@: no status effects
A: retaliatory headbutt, beak, horns 2, deformed body, dopey 1
a: no special abilities


You were on level 2 of the Dungeon.
You were not hungry.

You visited 1 branch of the dungeon, and saw 2 of its levels.

You collected 74 gold pieces.

Inventory:

Hand Weapons
 a - a +0 long sword (weapon)
Armour
 b - a +0 scale mail (worn)
 c - a +0 shield (worn)
Jewellery
 j - an uncursed ring of ice {unknown}
Scrolls
 g - a scroll of noise {unknown}
 h - 2 scrolls of remove curse {unknown}
 i - a scroll of identify {unknown}
 l - a scroll of fog {unknown}
Potions
 d - a potion of magic {unknown}
 e - a potion of brilliance
Comestibles
 f - a ration
 k - a chunk of flesh


   Skills:
 + Level 3.9 Fighting
 + Level 2.6 Long Blades
 + Level 4.1 Armour
 + Level 0.3 Dodging
 + Level 4.1 Shields


You had one spell level left.
You didn't know any spells.
Your spell library was empty.

Dungeon Overview and Level Annotations

Branches:
Dungeon (2/15)

Altars:


Innate Abilities, Weirdness & Mutations

You reflexively headbutt those who attack you in melee.
You have a pair of horns on your head.
You have a beak for a mouth.
Armour fits poorly on your strangely shaped body.
You are dopey. (Int -2)


Message History

You open the door.
There is an open door here.
A dart slug comes into view.
You see here 11 gold pieces.
A dart slug is nearby!
A kobold comes into view.
It is wielding a +0 short sword of electrocution.
The kobold shouts!
The dart slug launches a dart at you. The slug dart misses you.
Found a large ivory ring.
The kobold hits you with a +0 short sword of electrocution.
You are electrocuted!
Your shield and scale mail prevent you from hitting the dart slug.
You block the kobold's attack.
The dart slug bites you but does no damage.
You hit the dart slug. You peck the dart slug.
The dart slug is moderately wounded.
The kobold hits you but does no damage.
You are electrocuted!
Ouch! That really hurt!
You die...

###### ##### #....# ##
#...# #....# #. #...#
#....# #.
#...###....####.
+.....'....'....
#########..$###....####.
...=........# #....# #.
......w@..### #....# ##
......K...# #....# ###
.....$....# #....# #..
..........# ###### #..
########### #.. #.. ..##
#


You could see a dart slug and a kobold.

Vanquished Creatures
  An adder (D:2)
  A worm (D:1)
  3 bats (D:1)
  A giant cockroach (D:2)
  A hobgoblin (D:2)
  2 kobolds (D:1)
  A quokka (D:2)
  2 frilled lizards (D:1)
  A rat (D:1)
13 creatures vanquished.

Notes
Turn   | Place    | Note
-------+----------+-------------------------------------------
     0 | D:1      | Iamsoldier the Minotaur Fighter began the quest for the
                  | Orb.
     0 | D:1      | Reached XP level 1. HP: 19/19 MP: 0/0
   926 | D:2      | Reached XP level 2. HP: 10/27 MP: 1/1
  1362 | D:2      | Gained mutation: You are dopey. (Int -2) [potion of
                  | mutation]
  1362 | D:2      | Gained mutation: Armour fits poorly on your strangely
                  | shaped body. [potion of mutation]
  1362 | D:2      | Gained mutation: You have a beak for a mouth. [potion of
                  | mutation]
  1484 | D:2      | Slain by a kobold

Levels and vault maps discovered:
D:1:      minmay_arrival_wavy_path, layout_loops_ring
D:2:      layout_basic, xom_butterflies, minmay_rat_gold_closets

Skill      XL: |  1  2 |
---------------+-------+-----
Shields        | 4 |  4.1
Armour         | 4 |  4.1
Fighting       | |  3.9
Long Blades    | |  2.6
Dodging        | |  0.3

Action                   || total
-------------------------++-------
Melee: Long sword        ||    50
       Headbutt          ||     6
       Peck              ||     1
  Use: Potion            ||     4
  Eat: Ration            ||     1
Armor: Scale mail        ||    37
Dodge: Dodged            ||    10
Block: Shield            ||    30
       Rpst.: Long sword ||     2
